AoeStats
← Gambino

Arabia

510087176Analyzed
1v1 RM · 4d ago on Sep 29, 2026· 19m 3s· 2 players
Game mode
Random Map
Map size
Tiny (2 player)
Population
200
Speed
Normal
Resources
Standard
Victory
Conquest
Starting age
Dark Age
Ending age
Imperial Age
RankedLock teamsTeams togetherTeam positionsShared explorationLock speedFull tech treeHidden civsTurbo modeCheats
Victory
Defeat
🇨🇿 Bohemians · Czechia
650
+14
🇬🇧 Danes · United Kingdom
598
-14
Gambino
8:06 Loom
9:09 Loom
12:05 Feudal Age
13:02 Double-Bit Axe
13:01 Horse Collar
s3mikcz
8:09 Loom
10:19 Feudal Age
8:38 Loom
13:24 Double-Bit Axe
14:59 Fletching
15:35 Horse Collar
17:18 Padded Archer Armor
Connection lost

Rejoining the realm…

Still unreachable

The connection could not be restored.

Session expired

The server has moved on; the page needs a fresh start.